 Dungeon Crawl Stone Soup version 0.31-a0-246-g8cbcc1cb85 (webtiles) character file.

Game seed: 6694688592845578521

30 qw the Shooter (level 3, -2/21 HPs)
             Began as a Gargoyle Hexslinger on July 12, 2023.
             Slain by Sigmund
             ... wielding a +0 scythe of flaming
              (7 damage)
             ... on level 2 of the Dungeon.
             The game lasted 00:00:20 (1046 turns).

qw the Shooter (Gargoyle Hexslinger)                Turns: 1046, Time: 00:00:21

Health: -2/21      AC:  5    Str: 11    XL:     3   Next: 18%
Magic:  4/4        EV: 12    Int: 13    God:
Gold:   69         SH:  0    Dex: 14    Spells: 3/4 levels left

rFire   . . .        Y - +1 sling
rCold   . . .        (no shield)
rNeg    + . .        c - +0 robe
rPois   inf          (no helmet)
rElec   +            (no cloak)
rCorr   .            (no gloves)
SInv    .            (no boots)
Will    .....        f - amulet of faith
Stlth   +            (no ring)
HPRegen 0.23/turn    (no ring)
MPRegen 0.09/turn

%: faith
@: no status effects
A: sickness immunity, AC +3, negative energy resistance 1, electricity
resistance, torment resistance 1, petrification resistance
a: no special abilities


You were on level 2 of the Dungeon.
You visited 1 branch of the dungeon, and saw 2 of its levels.

You collected 69 gold pieces.


Innate Abilities, Weirdness & Mutations

You are immune to sickness and miasma.
Your stone body is resilient. (AC +3)
You are immune to poison.
You resist negative energy. (rN+)
You are resistant to electric shocks. (rElec)
You are resistant to unholy torment.
You are immune to petrification.


   Skills:
 - Level 2.0 Fighting
 + Level 3.2 Ranged Weapons
 - Level 1.5 Dodging
 - Level 1.0 Spellcasting
 - Level 2.6 Hexes


You had 3 spell levels left.
You knew the following spells:

 Your Spells              Type           Power      Damage    Failure   Level
a - Slow                  Hex            28%        N/A       10%         1

Your spell library contained the following spells:

 Spells                   Type           Power      Damage    Failure   Level
 Inner Flame              Hex/Fire       4%         N/A       43%         3
 Portal Projectile        Hex/Tloc       8%         N/A       43%         3
 Cause Fear               Hex            3%         N/A       67%         4

Inventory:

Hand Weapons
 Y - a +1 sling (weapon)
Armour
 a - a +0 ring mail
 c - a +0 robe (worn)
Jewellery
 f - an amulet of faith (around neck)
Scrolls
 b - 2 scrolls of identify {unknown}
Potions
 d - a potion of lignification {unknown}
 e - a potion of might {unknown}
 i - a potion of invisibility {unknown}

Dungeon Overview and Level Annotations

Branches:
Dungeon (2/15)

Altars:

Annotations:
D:2 Sigmund


Message History

You see here a hobgoblin corpse.
e - a lumpy green potion
Enter note:
Enter note:
Found a leather armour.
Enter note:
Enter note: A worm comes into view.
Enter note:
Enter note: You shoot a sling bullet.
The sling bullet hits the worm.
The worm is moderately wounded.
Sigmund the Dreaded comes into view.
He is wielding a +0 scythe of flaming and wearing a +1 robe of cold resistance.
You shoot a sling bullet. The sling bullet hits the worm.
The worm is heavily wounded.
Sigmund casts a spell.
Sigmund flickers and vanishes!
Deactivating autopickup; reactivate with Ctrl-A.
You shoot a sling bullet. The sling bullet hits the worm.
The worm is severely wounded.
You shoot a sling bullet.
The sling bullet hits the worm but does no damage.
The worm is severely wounded.
You shoot a sling bullet. The sling bullet hits the worm.
The worm is almost dead.
You shoot a sling bullet. The sling bullet hits the worm.
The worm is almost dead.
You shoot a sling bullet. The sling bullet hits the worm.
You kill the worm!
A magic dart appears from out of thin air!
The magic dart hits you.
You shoot a sling bullet. You shoot a sling bullet. Something hits you!
Something burns you.
You shoot a sling bullet.
You hear some strange, mumbled words.
Something tries to affect you, but you resist.
You shoot a sling bullet. Something hits you!
You die...

...#... ...
...#... #.#
?...... #.#
.....## #.#
....... #[# #..#
#..... #{# #..#
#####. #.# #..# #.
#@# #..########
#.#.####..##...>.%
#.#.......)..#####
#.#####...##.# #
#......).%...# #
###.##....#### #
#.#...7..# #
#....7...# #
####.....#


There were no monsters in sight!

Vanquished Creatures
  A worm (D:2)
  2 dart slugs
  An endoplasm (D:1)
  2 giant cockroaches
  3 goblins
  3 hobgoblins
  A quokka (D:1)
  3 ball pythons (D:2)
  2 frilled lizards (D:2)
  2 kobolds
  3 rats
23 creatures vanquished.

Notes
Turn   | Place    | Note
-------+----------+-------------------------------------------
     0 | D:1      | qw the Gargoyle Hexslinger began the quest for the Orb.
     0 | D:1      | Reached XP level 1. HP: 12/12 MP: 2/2
     0 | D:1      | 0 ||| qw: Version: 0.3-a-52-g30416fa
     0 | D:1      | 0 ||| qw: Game counter: 6472
     0 | D:1      | 0 ||| qw: Melee chars always use a shield: true
     0 | D:1      | 0 ||| qw: God list: Okawaru
     0 | D:1      | 0 ||| qw: Allow faded altars: false
     0 | D:1      | 0 ||| qw: Do Orc after clearing Dungeon:15 true
     0 | D:1      | 0 ||| qw: Do second Lair branch before Depths: true
     0 | D:1      | 0 ||| qw: Lair rune preference: random
     0 | D:1      | 0 ||| qw: Goals: Normal
     0 | D:1      | 0 ||| PLANNING D:1-11
   377 | D:1      | Reached XP level 2. HP: 16/16 MP: 3/3
   705 | D:1      | Reached skill level 3 in Ranged Weapons
   767 | D:1      | 767 ||| UPGRADING to amulet of faith.
   772 | D:1      | 772 ||| READING scroll labelled GIBLYD SOATHROJ.
   773 | D:1      | 773 ||| READING scroll labelled SETI WAIMESK.
   774 | D:1      | 774 ||| READING scroll labelled PURAOKOERE.
   875 | D:1      | 875 ||| DROPPING scroll of poison.
   989 | D:2      | Reached XP level 3. HP: 21/21 MP: 4/4
  1036 | D:2      | Noticed Sigmund
  1044 | D:2      | HP: 5/21 [something (3)]
  1046 | D:2      | Slain by Sigmund

Levels and vault maps discovered:
D:1:      minmay_arrival_radiant_lines, layout_basic
D:2:      layout_loops_ring, grunt_ministairs_14, serial_park_tiny_1,
          hangedman_decor_lopped, chequers_serial_rivers_small_b, uniq_sigmund

Skill      XL: |  1  2 |
---------------+-------+-----
Ranged Weapons | 3 |  3.2
Fighting       | 2 |  2.0
Dodging        | |  1.5
Spellcasting   | |  1.0
Hexes          | |  2.6

Action                     || total
---------------------------++-------
   Fire: Sling             ||    84
    Use: Scroll            ||     3
 Armour: Robe              ||     7
  Dodge: Dodged            ||    20

Table legend:
 A = Non-vault XP
 B = Vault XP
 C = Vault XP percentage of total XP
 D = Non-vault monster count
 E = Vault monster count
 F = Vault count percentage of total count
                 A         B        C        D         E       F
            +---------+---------+-------+---------+---------+-------
      Total |      43 |       0 |   0.0 |      23 |       0 |   0.0
            +---------+---------+-------+---------+---------+-------
        D:1 |      19 |       0 |   0.0 |      10 |       0 |   0.0
        D:2 |      24 |       0 |   0.0 |      13 |       0 |   0.0
            +---------+---------+-------+---------+---------+-------
